 Dungeon Crawl Stone Soup version 0.15.0-25-gd84c1e8 (webtiles) character file.

161 Kashira the Magician (level 5, 0/42 HPs)
             Began as a Naga Wizard on Sept 10, 2014.
             Succumbed to a gnoll sergeant's poison
             ... on Level 3 of the Dungeon.
             The game lasted 00:10:34 (2474 turns).

Kashira the Magician (Naga Wizard)                  Turns: 2474, Time: 00:10:35

HP   0/42        AC  8     Str  9      XL: 5   Next: 42%
MP   2/14        EV 15     Int 19      God:
Gold 117         SH  0     Dex 15      Spells:  4 memorised,  4 levels left

rFire  . . .     SeeInvis +     g - +0 spear
rCold  . . .     Clarity  .     a - +1 robe
rNeg   . . .     rCorr    .     (no shield)
rPois  +         rRot     .     i - +1 helmet
rElec  .         Spirit   .     (no cloak)
SustAb .         Warding  .     u - +2 pair of gloves
rMut   .         Stasis   .     (no barding)
Gourm  .                        (no amulet)
MR     .....                    (no ring)
                                (no ring)

@: agile, lethally poisoned, very slightly contaminated, very slow, not
resistant to hostile enchantments, stealthy
A: spit poison, see invisible, deformed body, poison resistance, slowness 2, AC
+1
a: Spit Poison


You were on level 3 of the Dungeon.
You were hungry.

You visited 1 branch of the dungeon, and saw 3 of its levels.

You collected 117 gold pieces.

Inventory:

Hand weapons
 g - a +0 spear (weapon)
Armour
 a - a +1 robe (worn)
 b - a +0 hat
 i - a +1 helmet (worn)
 u - a +2 pair of gloves (worn)
Comestibles
 d - a bread ration
 f - a beef jerky
 h - a royal jelly
 w - a slice of pizza
Scrolls
 e - 2 scrolls of magic mapping
 j - 2 scrolls of remove curse
 n - a scroll of amnesia
 t - a scroll of random uselessness {unknown}
Jewellery
 s - an uncursed ring of wizardry {unknown}
Potions
 k - 2 potions of agility
 m - a potion of heal wounds
 p - a potion of curing
 q - a potion of flight {unknown}
 v - a potion of haste {unknown}
Books
 c - a book of Minor Magic

   Spells                             Type                      Level
   *Magic Dart                        Conjuration                  1
   *Blink                             Translocation                2
   Call Imp                           Summoning                    2
   Repel Missiles                     Charms/Air                   2
   Slow                               Hexes                        2
   *Conjure Flame                     Conjuration/Fire             3
   *Mephitic Cloud                    Conjuration/Poison/Air       3


   Skills:
 + Level 0.2 Fighting
 + Level 2.1 Dodging
 - Level 3.2 Stealth
 + Level 0.2 Unarmed Combat
 * Level 4.7 Spellcasting
 + Level 2.2 Conjurations
   Level 1.0 Summonings
 + Level 1.0 Translocations
 + Level 0.2 Air Magic
 + Level 0.3 Poison Magic


You had 4 spell levels left.
You knew the following spells:

 Your Spells              Type           Power        Failure   Level  Hunger
a - Magic Dart            Conj           ##..         8%          1    None
b - Mephitic Cloud        Conj/Pois/Air  #.......     28%         3    ###....
c - Conjure Flame         Conj/Fire      #.......     28%         3    ###....
d - Blink                 Tloc           N/A          14%         2    #......


Dungeon Overview and Level Annotations

Branches:
Dungeon (3/15)

Altars:
Fedhas
Qazlal
Xom


Innate Abilities, Weirdness & Mutations

You cannot wear boots.
You can spit poison.
Your serpentine skin is tough (AC +1).
You have supernaturally acute eyesight.
Armour fits poorly on your strangely shaped body.
Your system is resistant to poisons.
You cover ground very slowly.


Message History

It is a scroll of identify.
Identify which item? (\ to view known items) (? for menu, Esc to quit)
n - a scroll of amnesia
* * * LOW HITPOINT WARNING * * *
You feel sick. The gnoll sergeant closely misses you.
Read which item? (? for menu, Esc to quit)
As you read the scroll labeled CLIGYOWKEU, it crumbles to dust.
It is a scroll of recharging.
You aren't carrying any rechargeable items.
You have got your breath back.
* * * LOW HITPOINT WARNING * * *
You feel sick.
The gnoll hits you from afar with a spear.
* * * LOW HITPOINT WARNING * * *
Read which item? (? for menu, Esc to quit)
As you read the scroll labeled CERONULO LULA, it crumbles to dust.
It is a scroll of enchant armour.
Enchant which item? (? for menu, Esc to quit)
Your +0 robe glows green for a moment.
You die...

,*,*,+,,....g§.'(...+,,8*,,,,,,,,
,*,*,*,,,,,,,,,#....#,,,,,,,,,,,,
,*'*'**++******#....#********++**
,*,,,,,,,,*,,,,#.[..#,,,,*,*,,,,*
,*,,,,,,,,*,**,#....#**,**,*,,,,,
**+*,,,,,,,,,,,#.)..#,,,,,,+,,,,*
,,,*****########gg''#############
,,,*,,,,........................#
****≈≈≈≈≈≈≈≈≈≈≈≈@...≈≈≈≈≈≈≈≈≈≈≈≈#
≈≈≈≈≈≈≈≈≈≈≈≈≈≈≈≈....≈≈≈≈≈≈≈≈≈≈≈≈≈
≈≈≈≈≈≈≈≈≈≈≈≈≈≈≈≈....≈≈≈≈≈≈≈≈≈≈≈≈≈
,,,,,,,,,....%.......%...........
******,**########).#######%######
,* *,**** *#.## #.# ,* *,,,,*
#..# #.# ,* ***#.# #.## #.# ,*
#.# #.* #.#


You could see a gnoll sergeant and a gnoll.

Vanquished Creatures
  5 adders
  6 gnolls (D:3)
  A worm (D:2)
  2 giant geckos (D:3)
  An orc (D:2)
  5 bats
  10 goblins
  12 hobgoblins
  4 jackals (D:3)
  2 quokkas
  4 giant newts
  4 kobolds
  3 rats
59 creatures vanquished.

Notes
Turn   | Place    | Note
--------------------------------------------------------------
     0 | D:1      | Kashira, the Naga Wizard, began the quest for the Orb.
     0 | D:1      | Reached XP level 1. HP: 15/15 MP: 4/4
   160 | D:1      | Reached XP level 2. HP: 8/22 MP: 0/6
   975 | D:1      | Reached XP level 3. HP: 25/28 MP: 4/8
   989 | D:1      | Learned a level 3 spell: Mephitic Cloud
   993 | D:1      | Learned a level 3 spell: Conjure Flame
   996 | D:1      | Learned a level 2 spell: Blink
  1384 | D:2      | Found a stormy altar of Qazlal.
  1539 | D:2      | Reached skill level 4 in Spellcasting
  1539 | D:2      | Reached XP level 4. HP: 36/36 MP: 2/11
  1920 | D:3      | Found a shimmering altar of Xom.
  1920 | D:3      | Found a blossoming altar of Fedhas.
  2359 | D:3      | Reached XP level 5. HP: 39/42 MP: 9/13
  2449 | D:3      | Noticed a gnoll sergeant
  2473 | D:3      | HP: 1/42 [gnoll/spear (5)]
  2474 | D:3      | Succumbed to a gnoll sergeant's poison

Action                   |  1- 3 |  4- 6 || total
-------------------------+-------+-------++-------
Melee: Unarmed           |     3 |       ||     3
       Spear             |    17 |    24 ||    41
 Cast: Magic Dart        |    56 |    44 ||   100
       Mephitic Cloud    |       |     6 ||     6
       Blink             |       |     1 ||     1
 Abil: Spit Poison       |    17 |    22 ||    39
  Use: Scroll            |       |     5 ||     5
       Potion            |       |     4 ||     4
 Stab: Sleeping          |     1 |       ||     1
       Confused          |       |     2 ||     2
  Eat: Chunk             |     2 |     5 ||     7
